 Dungeon Crawl Stone Soup version 0.28-a0-1629-gf728b707aa (webtiles) character file.

Game seed: 8030749117927402981

2912 bande the Cleaver (level 9, -6/55 HPs)
             Began as a Gargoyle Fighter on Jan 25, 2022.
             Was a Priest of Okawaru.
             Shot with an arrow by a centaur warrior (11 damage)
             ... on level 8 of the Dungeon.
             The game lasted 00:12:37 (9237 turns).

bande the Cleaver (Gargoyle Fighter)                Turns: 9237, Time: 00:12:37

Health: -6/55      AC: 22    Str: 19    XL:     9   Next: 78%
Magic:  12/12      EV:  9    Int: 10    God:    Okawaru [***...]
Gold:   403        SH:  5    Dex: 13    Spells: 8/8 levels left

rFire   + . .      SeeInvis .   a - +0 war axe (venom)
rCold   . . .      Faith    .   c - +0 buckler
rNeg    + . .      Spirit   .   m - +1 scale mail {rF+}
rPois   ∞          Reflect  .   (no helmet)
rElec   +          Harm     .   (no cloak)
rCorr   .          Rampage  .   k - +1 pair of gloves
Will    .....                   g - +0 pair of boots
Stlth   ..........              (no amulet)
HPRegen 0.18/turn               h - +4 ring of protection
MPRegen 0.13/turn               (no ring)

@: no status effects
A: sickness immunity, AC +6, negative energy resistance 1, electricity
resistance, torment resistance 1, petrification resistance
a: Renounce Religion, Heroism


You were on level 8 of the Dungeon.
You worshipped Okawaru.
Okawaru was most pleased with you.
You visited 2 branches of the dungeon, and saw 9 of its levels.

You collected 403 gold pieces.

Inventory:

Hand Weapons
 a - a +0 war axe of venom (weapon)
 y - a +1 flail of protection
Armour
 c - a +0 buckler (worn)
 g - a +0 pair of boots (worn)
 k - a +1 pair of gloves (worn)
 m - a +1 scale mail of fire resistance (worn)
Jewellery
 b - a ring of ice
 h - a +4 ring of protection (left hand)
Wands
 o - a wand of paralysis (7)
 p - a wand of iceblast (30)
 v - a wand of digging (4)
 w - a wand of flame (8)
Scrolls
 l - a scroll of magic mapping {unknown}
 q - a scroll of fear
 s - 3 scrolls of teleportation
Potions
 d - a potion of might
 e - 2 potions of flight
 f - 2 potions of brilliance
 i - a potion of invisibility {unknown}
 j - a potion of attraction {unknown}
 n - a potion of lignification {unknown}
 r - a potion of ambrosia {unknown}
 t - 5 potions of curing
 u - a potion of heal wounds {unknown}


   Skills:
 + Level 5.9 Fighting
 + Level 8.1 Axes
 + Level 6.9 Armour
 + Level 5.1 Shields
 * Level 4.5 Invocations
 * Level 3.3 Evocations


You had 8 spell levels left.
You didn't know any spells.
Your spell library contained the following spells:

 Spells                   Type           Power      Damage    Failure   Level
 Freeze                   Ice            0%         1d3       78%         1
 Scorch                   Fire           0%         2d5       89%         2
 Frozen Ramparts          Ice            0%         1d2       98%         3
 Flame Wave               Conj/Fire      0%         2d4       100%        4
 Hailstorm                Conj/Ice       0%         3d3       100%        4
 Summon Cactus Giant      Summ           Unusable   N/A       N/A         6

Dungeon Overview and Level Annotations

Branches:
Dungeon (8/15)             Temple (1/1) D:4
   Lair: D:8-11

Altars:
Ashenzari
Cheibriados
Dithmenos
Elyvilon
Fedhas
Gozag
Hepliaklqana
Kikubaaqudgha
Makhleb
Okawaru
Qazlal
Ru
Sif Muna
Trog
Vehumet
Xom
Yredelemnul
The Shining One

Shops:
D:3 (


Innate Abilities, Weirdness & Mutations

You are immune to sickness and miasma.
Your stone body is resilient. (AC +6)
You are immune to poison.
You resist negative energy. (rN+)
You are resistant to electric shocks. (rElec)
You are resistant to unholy torment.
You are immune to petrification.


Message History

The howler monkey hoots and howls with incredible vigour!
You hit the howler monkey.
The howler monkey is poisoned.
The howler monkey is lightly wounded.
The howler monkey hoots and howls with incredible vigour!
You hit the howler monkey.
The howler monkey looks as sick as possible!
The howler monkey is heavily wounded.
The howler monkey hits you but does no damage.
You slash the howler monkey!
You kill the howler monkey!
Okawaru accepts your kill.
No target in view!
No target in view!
No target in view!
No target in view!
Found a spear.
s - 3 scrolls of teleportation (gained 1)
l - a scroll labelled FUJEAF ZEIZU You open the door.
There is an open door here.
There is an open door here.
There is an open door here.
There is an open door here.
There is a stone staircase leading down here.
Done exploring.
Done exploring.
There is a stone staircase leading down here.
Unknown command.
You climb downwards.
There is a stone staircase leading up here.
A centaur warrior comes into view.
The centaur warrior shouts!
The centaur warrior wields a +0 longbow.
The centaur warrior shoots an arrow.
The arrow hits you!
The centaur warrior shoots an arrow.
The arrow hits you!
The centaur warrior shoots an arrow.
The arrow hits you!!
* * * LOW HITPOINT WARNING * * *
The centaur warrior shoots an arrow.
The arrow hits you but does no damage.
The centaur warrior shoots an arrow.
The arrow hits you!
You die...

#.##.# #.##.#
#.##.#######
#...........
#.##.###### # #.##.#
####.# #.##.# #...
#.##.#########.####.#
#.##..........@.c...#
#.##########.#...#..#
#.# #.#......# #.#
#.#.#....# #.#
#.#.###..# #.# ###..
..# ... ## ...


You could see a centaur warrior.

Vanquished Creatures
  Sigmund (D:3)
  A vampire (D:6)
  A water moccasin (D:6)
  An orc warrior (D:6)
  3 sky beasts
  An ogre (D:5)
  2 black bears (D:4)
  A necrophage (D:6)
  A centaur (D:6)
  2 phantoms (D:5)
  A bullfrog (D:7)
  A wyvern zombie (D:6)
  4 scorpions
  5 killer bees (D:7)
  7 wights
  3 howler monkeys
  A bullfrog zombie (D:5)
  A hound (D:6)
  A centaur skeleton (D:7)
  2 orc priests
  A bullfrog skeleton (D:5)
  3 iguanas
  An orc wizard (D:3)
  Natasha (thrice) (D:3)
  2 hound skeletons (D:4)
  A howler monkey zombie (D:7)
  8 adders
  A howler monkey skeleton (D:7)
  2 white imps
  An ufetubus (D:4)
  3 adder skeletons
  A dart slug (D:5)
  13 orcs
  8 ball pythons
  5 endoplasms
  3 giant cockroaches
  11 goblins
  5 hobgoblins
  4 jackals (D:1)
  5 kobolds
  5 quokkas
  4 bats
  6 frilled lizards
  5 rats
141 creatures vanquished.

Notes
Turn   | Place    | Note
-------+----------+-------------------------------------------
     0 | D:1      | bande the Gargoyle Fighter began the quest for the Orb.
     0 | D:1      | Reached XP level 1. HP: 14/14 MP: 1/1
   394 | D:1      | Reached XP level 2. HP: 13/19 MP: 2/2
   674 | D:1      | Reached skill level 2 in Axes
   940 | D:1      | Reached XP level 3. HP: 24/24 MP: 3/3
  1645 | D:2      | Reached XP level 4. HP: 24/29 MP: 4/4
  1862 | D:2      | You fall into a shaft and drop 1 floor!
  1862 | D:3      | Found Xessav's Antique Weapon Emporium.
  1909 | D:3      | Noticed Natasha
  1916 | D:3      | Killed Natasha
  1917 | D:3      | Reached skill level 3 in Axes
  2181 | D:3      | Noticed Natasha
  2188 | D:3      | Killed Natasha
  2189 | D:3      | Reached XP level 5. HP: 31/33 MP: 5/5
  2199 | D:3      | Noticed Natasha
  2206 | D:3      | Killed Natasha
  2348 | D:2      | Found a basalt altar of Yredelemnul.
  2873 | D:3      | Noticed Sigmund
  2909 | D:3      | Killed Sigmund
  2910 | D:3      | Reached skill level 4 in Axes
  2910 | D:3      | Reached XP level 6. HP: 12/39 MP: 6/6
  4085 | D:4      | Found a bloodstained altar of Trog.
  4167 | D:4      | Reached XP level 7. HP: 44/44 MP: 7/7
  4285 | D:4      | Found an opulent altar of Gozag.
  4324 | D:4      | Found a staircase to the Ecumenical Temple.
  4392 | Temple   | Entered the Ecumenical Temple
  4623 | D:4      | Reached skill level 5 in Axes
  4623 | D:4      | Reached skill level 5 in Armour
  4653 | D:4      | Found an iron altar of Okawaru.
  4662 | D:4      | Became a worshipper of Warmaster Okawaru
  4843 | D:4      | Reached skill level 1 in Invocations
  4957 | D:4      | Reached * piety under Okawaru
  5240 | D:5      | Entered Level 5 of the Dungeon
  5292 | D:5      | Reached XP level 8. HP: 47/48 MP: 9/9
  5603 | D:5      | Reached skill level 5 in Fighting
  5603 | D:5      | Reached skill level 6 in Axes
  5657 | D:5      | Reached skill level 1 in Evocations
  6645 | D:6      | Found a glowing golden altar of the Shining One.
  6806 | D:6      | Reached ** piety under Okawaru
  6815 | D:6      | Reached skill level 7 in Axes
  6823 | D:6      | Reached XP level 9. HP: 48/54 MP: 11/11
  7503 | D:7      | Found a radiant altar of Vehumet.
  7531 | D:6      | Reached skill level 5 in Shields
  7858 | D:7      | Found a stormy altar of Qazlal.
  8029 | D:7      | Found a broken altar of Ashenzari.
  8554 | D:7      | Reached *** piety under Okawaru
  8580 | D:7      | Reached skill level 8 in Axes
  9233 | D:8      | Noticed a centaur warrior
  9237 | D:8      | Shot with an arrow by a centaur warrior

Illustrated notes

Levels and vault maps discovered:
D:1:      lemuel_arrival_room, layout_basic
D:2:      layout_loops_ring, basic_altar, corexii_leaking_fountain
D:3:      layout_basic, serial_shops, shop, uniq_natasha, uniq_sigmund
D:4:      black_bear_nest_1, layout_rooms, marbit_many_paths,
          mainiacjoe_overflow_cross_hatched, kennysheep_okawaru_gauntlet,
          minmay_temple_entry_antechambers
D:5:      layout_basic
D:6:      layout_loops_cross, tso_metal_star
D:7:      layout_loops_corners, amcnicky_altar_gilded, vehumet_altar_wand_db,
          nicolae_overflow_crystal_walls
D:8:      layout_basic, lair_entry_dummy, serial_shops, shop, shop_statue, shop,
          nicolae_stop_n_shop_2, uniq_pikel
Temple:   jpeg_temple_clearing

Skill      XL: |  1  2  3  4  5  6  7  8  9 |
---------------+----------------------------+-----
Axes           | 2 3 4 5 7 8 |  8.1
Fighting       | 4 5 |  5.9
Armour         | 4 5 6 |  6.9
Shields        | 4 5 |  5.1
Invocations    | 1 3 4 |  4.5
Evocations     | 2 3 |  3.3

Action                   |  1- 3 |  4- 6 |  7- 9 || total
-------------------------+-------+-------+-------++-------
Melee: War axe           |   145 |   160 |   346 ||   651
  Use: Scroll            |     3 |     4 |     4 ||    11
       Potion            |       |     1 |     2 ||     3
Armor: Scale mail        |    94 |   101 |     2 ||   197
       Chain mail        |       |     9 |   331 ||   340
Dodge: Dodged            |    83 |    72 |   127 ||   282
Block: Buckler           |    28 |    38 |    78 ||   144

Table legend: (Time is in decaauts)
 A = Elapsed time spent in this place.
 B = Non-inter-level travel time spent in this place.
 C = Inter-level travel time spent in this place.
 D = Time resting spent in this place.
 E = Time spent auto-exploring this place.
 F = Levels seen in this place.
 G = Mean time per level.
                   A        B        C        D        E       F      G
               +--------+--------+--------+--------+--------+-----+--------+
         Total |   9430 |   9140 |    290 |   2406 |   5077 |   9 | 1047.8 |
       Dungeon |   9298 |   9055 |    243 |   2406 |   5012 |   8 | 1162.2 |
        Temple |    131 |     84 |     47 |      0 |     65 |   1 |  131.0 |
               +--------+--------+--------+--------+--------+-----+--------+

Top non-repeatable levels by time:
     D:3: 1779 daAuts
     D:6: 1622 daAuts
     D:1: 1488 daAuts
     D:7: 1480 daAuts
     D:4: 1048 daAuts
     D:2: 931 daAuts
     D:5: 914 daAuts
  Temple: 131 daAuts
     D:8: 33 daAuts
